 Dungeon Crawl Stone Soup version 0.23-a0-395-gcf17ac6 (webtiles) character file.

8988 Jeffwins the Frost Mage (level 11, -12/111 HPs)
             Began as an Ogre Ice Elementalist on Nov 1, 2018.
             Was a Priest of Vehumet.
             Mangled by a troll (13 damage)
             ... on level 9 of the Dungeon.
             The game lasted 00:27:29 (13559 turns).

Jeffwins the Frost Mage (Ogre Ice Elementalist)    Turns: 13559, Time: 00:27:29

Health: -12/111    AC:  6    Str: 14    XL:     11   Next: 39%
Magic:  7/22       EV: 12    Int: 19    God:    Vehumet [***...]
Gold:   405        SH:  0    Dex: 10    Spells: 15/24 levels left

rFire    . . .     SeeInvis +   M - +12 war axe "Baemnumu" {drain, rC+ SInv}
rCold    + . .     Gourm    .   (no shield)
rNeg     + . .     Faith    +   a - +0 robe
rPois    +         Spirit   .   F - +2 hat {SInv}
rElec    +         Reflect  .   h - +0 cloak
rCorr    .         Harm     .   (gloves unavailable)
MR       .....                  (boots unavailable)
Stlth    +.........             I - amulet of Jerhulyz {Faith rElec rPois rN+ Dex-2 SInv}
HPRegen  0.28/turn              X - +3 ring of dexterity
MPRegen  0.18/turn              (no ring)

@: vulnerable, very slightly contaminated, drained
A: large, unfitting armour, tough skin 1
a: Renounce Religion


You were on level 9 of the Dungeon.
You worshipped Vehumet.
Vehumet was most pleased with you.
You were hungry.

You visited 2 branches of the dungeon, and saw 10 of its levels.

You collected 500 gold pieces.
You spent 95 gold pieces at shops.


Innate Abilities, Weirdness & Mutations

You are too large for most types of armour.
You have tough skin. (AC +1)


   Skills:
 + Level 8.2(7.5) Fighting
 + Level 5.2(4.5) Axes
 + Level 6.0(5.4) Dodging
 - Level 1.4(0.8) Stealth
 + Level 7.3(6.6) Spellcasting
 + Level 5.5(4.8) Conjurations
 + Level 5.3(4.6) Summonings
 * Level 8.9(8.2) Ice Magic


You had 15 spell levels left.
You knew the following spells:

 Your Spells              Type           Power        Failure   Level  Hunger
b - Summon Ice Beast      Ice/Summ       ####....     8%          4    ####...
c - Throw Icicle          Conj/Ice       ####....     1%          4    ####...
z - Freeze                Ice            ####         1%          1    None

Your spell library contained the following spells:

 Spells                   Type           Power        Failure   Level  Hunger
 Stone Arrow              Conj/Erth      ###...       3%          3    ##.....
 Throw Frost              Conj/Ice       ####..       1%          2    None
 Ozocubu's Armour         Chrm/Ice       ###.....     6%          3    ##.....

Inventory:

Hand Weapons
 B - a +0 hunting sling
 M - the +12 war axe "Baemnumu" (weapon) {drain, rC+ SInv}
   (You took it off a big kobold on level 9 of the Dungeon)

   A truly terrible weapon, it drains the life of those it strikes.
   It protects you from cold.
   It lets you see invisible.
Missiles
 c - 31 bolts
 f - 210 stones (quivered)
 g - 158 arrows
 n - 2 tomahawks
 o - 9 poisoned needles
 A - 29 sling bullets
 C - 3 throwing nets {=f}
Armour
 a - a +0 robe (worn)
 h - a +0 cloak (worn)
 F - a +2 hat of see invisible (worn)
Jewellery
 H - a +6 amulet of reflection
 I - the amulet of Jerhulyz (around neck) {Faith rElec rPois rN+ Dex-2 SInv}
   (You found it on level 8 of the Dungeon)

   [amulet of faith]

   It allows you to gain divine favour quickly.
   It affects your dexterity (-2).
   It insulates you from electricity.
   It protects you from poison.
   It protects you from negative energy.
   It lets you see invisible.
 L - an uncursed ring of flight
 X - a +3 ring of dexterity (left hand)
Wands
 m - a wand of clouds (3)
 q - a wand of iceblast (4)
Scrolls
 b - 2 scrolls of remove curse {@r2}
 j - a scroll of teleportation {@r4}
 l - 2 scrolls of magic mapping
 p - a scroll of identify {@r1}
 t - 2 scrolls of random uselessness
 v - 4 scrolls of amnesia
 y - a scroll of fog
 O - a scroll of enchant armour
Potions
 i - a potion of haste {@q3}
 s - 3 potions of might
 w - 2 potions of brilliance {unknown}
 x - a potion of magic {unknown}
 D - a potion of lignification {!q}
 E - 2 potions of curing {@q1}
 G - a potion of mutation {!q}
 J - a potion of agility {unknown}
 K - a potion of berserk rage {unknown}
Comestibles
 d - 5 chunks of flesh
 e - 15 rations {@e1}

Dungeon Overview and Level Annotations

Branches:
Dungeon (9/15)             Temple (1/1) D:6
   Lair: D:8-11         Orc: D:9-12

Altars:
Ashenzari
Cheibriados
Dithmenos
Elyvilon
Fedhas
Gozag
Hepliaklqana
Kikubaaqudgha
Nemelex Xobeh
Okawaru
Qazlal
Sif Muna
Trog
Uskayaw
Vehumet
Wu Jian
Xom
Yredelemnul
The Shining One

Shops:
D:4 [

Annotations:
D:8 3 runed doors, Bebo's ghost, novice BaFi

▒...# ▒...# ▒...#
▒..§# ▒▒▒.§S#
..▒H§§# ▒.▒h§§#
▒.▒@§.#
▒▒▒'▒▒▒.▒T..#
'.....'.....#
▒▒▒'▒▒▒.▒...#
▒.....▒.▒...#
▒.▒'▒▒▒'▒.▒.#.#
▒.........▒.#.#
▒▒▒▒▒▒▒▒▒.▒▒▒▒▒.#..
....▒.▒▒.....[▒.#..#


You could see a hippogriff, a troll, a warg and an adder (confused).


Message History

* * * LOW HITPOINT WARNING * * *
The troll barely misses you.
As you read the scroll labeled CIRGHA BIMAO, it crumbles to dust.
You experience a momentary feeling of inescapable doom!
It was a scroll of random uselessness.
The warg barely misses you. The adder bites you but does no damage.
The troll misses you. The troll claws you.
* * * LOW HITPOINT WARNING * * *
The troll closely misses you.
As you read the scroll labeled HAXKUKHLA WEFEA, it crumbles to dust.
Magic quickly surges around you.
It was a scroll of vulnerability.
The warg barely misses you. The adder bites you but does no damage.
The troll bites you.
* * * LOW HITPOINT WARNING * * *
The troll claws you but does no damage. The troll barely misses you.
Unknown command.
Okay, then.
Evoke which item? (* to show all) (? for menu, Esc to quit)
Aiming: Cloud Cone
Press: ? - help, Dir - move target cursor, f - adder, p - troll
Aim: an adder (susceptible to hostile enchantments)
You create a blast of noxious fumes!
The warg misses you.
The adder is engulfed in noxious fumes.
The adder appears confused.
The adder is engulfed in noxious fumes.
The warg barely misses you. The troll bites you!
* * * LOW HITPOINT WARNING * * *
The troll claws you!
* * * LOW HITPOINT WARNING * * *
The troll claws you!
You die...

Skill      XL: |  1  2  3  4  5  6  7  8  9 10 11 |
---------------+----------------------------------+-----
Dodging        | 2 3 4 5 6 |  6.0
Ice Magic      | 3 4 5 6 7 8 |  8.9
Fighting       | 1 2 3 4 5 6 7 8 |  8.2
Spellcasting   | 3 4 5 6 7 |  7.3
Conjurations   | 1 2 3 4 5 |  5.5
Summonings     | 1 2 3 4 5 |  5.3
Axes           | 1 3 4 5 |  5.2
Stealth        | |  1.4

Action                   |  1- 3 |  4- 6 |  7- 9 | 10-12 || total
-------------------------+-------+-------+-------+-------++-------
Melee: Dagger            |    48 |       |       |       ||    48
       Unarmed           |     6 |       |       |       ||     6
       Club              |    11 |    20 |       |       ||    31
       Morningstar       |       |    13 |       |       ||    13
       Whip              |       |     1 |    50 |       ||    51
       Flail             |       |       |    94 |    85 ||   179
       War axe           |       |       |     8 |    27 ||    35
 Fire: Shortbow          |       |       |     1 |       ||     1
 Cast: Freeze            |    31 |   113 |   140 |    96 ||   380
       Summon Ice Beast  |       |       |    25 |    23 ||    48
       Throw Icicle      |       |       |     6 |    43 ||    49
Evoke: Wand              |       |       |     2 |     5 ||     7
  Use: Potion            |       |     6 |     5 |       ||    11
       Scroll            |       |     3 |     6 |     4 ||    13
 Stab: Sleeping          |     1 |     2 |       |       ||     3
       Distracted        |       |       |     1 |     1 ||     2
  Eat: Chunk             |     2 |     8 |    13 |    14 ||    37
       Ration            |       |       |     2 |     3 ||     5
Armor: Robe              |    26 |    26 |    79 |    86 ||   217
Dodge: Dodged            |    56 |    70 |   179 |   166 ||   471
Block: Other             |       |       |     6 |    14 ||    20

Vault maps used:
D:1:      grunt_arrival_lava_bath
D:2:      first_ration, uniq_natasha
D:3:      serial_glass, glass_columns_b, glass_columns_a
D:4:      serial_shops, shop
D:6:      nicolae_gozag_cash_rules_everything_around_me, temple_pool_b
D:7:      grunt_temple_overflow_cloverleaf, grunt_livestock,
          kennysheep_generic_room_13, uniq_joseph, uniq_harold, uniq_menkaure
D:8:      cheibrodos_statue_roulette, lemuel_crystal_altar,
          gammafunk_ghost_necromancy, uniq_gastronok
D:9:      minmay_the_grid_3x3, grunt_temple_overflow_order_and_chaos_2,
          old_standard_altar, erik_lair_orcish_takeover, minivault_4,
          hangedman_incinerator
Temple:   oiseaux_autumnal_temple

Notes
Turn   | Place    | Note
-------+----------+-------------------------------------------
     0 | D:1      | Jeffwins the Ogre Ice Elementalist began the quest for the
                  | Orb.
     0 | D:1      | Reached XP level 1. HP: 16/16 MP: 3/3
   322 | D:1      | Reached XP level 2. HP: 15/26 MP: 3/5
   338 | D:1      | Reached skill level 2 in Dodging
   338 | D:1      | Reached skill level 3 in Ice Magic
   553 | D:1      | Reached skill level 1 in Fighting
   822 | D:1      | Reached XP level 3. HP: 17/33 MP: 1/7
  1356 | D:2      | Noticed Natasha
  1460 | D:2      | Killed Natasha
  1460 | D:2      | Reached skill level 2 in Fighting
  1460 | D:2      | Reached skill level 3 in Spellcasting
  1460 | D:2      | Reached XP level 4. HP: 27/42 MP: 1/8
  1572 | D:2      | Learned a level 4 spell: Throw Icicle
  1577 | D:2      | Learned a level 4 spell: Summon Ice Beast
  1637 | D:2      | Noticed Natasha
  1645 | D:2      | Killed Natasha
  1645 | D:2      | Reached skill level 1 in Conjurations
  1696 | D:2      | Noticed Natasha
  1711 | D:2      | Killed Natasha
  1711 | D:2      | Reached XP level 5. HP: 49/49 MP: 6/9
  2925 | D:3      | Reached skill level 4 in Ice Magic
  3543 | D:4      | Found Diokhana's Armour Boutique.
  3548 | D:4      | Reached skill level 1 in Summonings
  3551 | D:4      | Reached XP level 6. HP: 49/59 MP: 6/11
  3627 | D:4      | Bought the cursed +0 robe of Kihuu {rN+ Int+7 Slay-4} for
                  | 95 gold pieces
  3711 | D:3      | Reached skill level 3 in Dodging
  3917 | D:4      | Reached skill level 3 in Fighting
  4037 | D:4      | Reached skill level 2 in Conjurations
  4163 | D:4      | Reached XP level 7. HP: 58/67 MP: 8/12
  4174 | D:4      | Reached skill level 4 in Spellcasting
  4425 | D:5      | Entered Level 5 of the Dungeon
  4857 | D:5      | Reached skill level 2 in Summonings
  4857 | D:5      | Reached skill level 5 in Ice Magic
  4991 | D:5      | Reached skill level 4 in Fighting
  5097 | D:5      | Reached XP level 8. HP: 46/76 MP: 7/14
  5990 | D:6      | Found an opulent altar of Gozag.
  6033 | D:6      | Reached skill level 1 in Axes
  6033 | D:6      | Reached skill level 3 in Conjurations
  6314 | D:6      | Found a staircase to the Ecumenical Temple.
  6324 | D:6      | Got a polished flail
  6325 | D:6      | Identified the +0 flail of Expedience {protect, Str+4
                  | Int+4} (You found it on level 6 of the Dungeon)
  6337 | Temple   | Entered the Ecumenical Temple
  6576 | Temple   | Became a worshipper of Vehumet
  6774 | D:6      | Reached skill level 4 in Dodging
  6774 | D:6      | Reached skill level 5 in Spellcasting
  6795 | D:6      | Reached skill level 5 in Fighting
  6795 | D:6      | Reached skill level 3 in Summonings
  6795 | D:6      | Reached skill level 6 in Ice Magic
  6889 | D:6      | Reached XP level 9. HP: 81/86 MP: 12/16
  6943 | D:6      | Reached skill level 2 in Axes
  7073 | D:6      | Reached * piety under Vehumet
  7073 | D:6      | Offered knowledge of Shock by Vehumet.
  7310 | D:7      | Found a hide-covered altar of Uskayaw.
  7326 | D:7      | Found a shattered altar of Ashenzari.
  7329 | D:7      | Found an ancient bone altar of Kikubaaqudgha.
  7346 | D:7      | Found a shadowy altar of Dithmenos.
  7514 | D:7      | Noticed Harold
  7764 | D:7      | Noticed Joseph
  7768 | D:7      | Killed Harold
  8564 | D:7      | Killed Joseph
  8840 | D:7      | Reached skill level 4 in Conjurations
  8963 | D:7      | Reached skill level 6 in Fighting
  8963 | D:7      | Reached skill level 3 in Axes
  9095 | D:7      | Reached skill level 7 in Ice Magic
  9144 | D:7      | Noticed Menkaure
  9149 | D:7      | Killed Menkaure
  9203 | D:7      | Reached skill level 6 in Spellcasting
  9203 | D:7      | Reached skill level 4 in Summonings
  9220 | D:7      | Reached XP level 10. HP: 37/100 MP: 0/19
  9489 | D:7      | Reached skill level 5 in Dodging
  9748 | D:8      | Noticed a two-headed ogre
 10071 | D:8      | Got a wavering amethyst amulet
 10073 | D:8      | Identified the amulet of Jerhulyz {Faith rElec rPois rN+
                  | Dex-2 SInv} (You found it on level 8 of the Dungeon)
 10097 | D:8      | Reached ** piety under Vehumet
 10097 | D:8      | Offered knowledge of Sting by Vehumet.
 10165 | D:8      | Found a hazy altar of Hepliaklqana.
 10721 | D:8      | Found a runed gate.
 10722 | D:8      | Found a runed gate.
 10723 | D:8      | Found a runed gate.
 10724 | D:8      | Noticed Bebo's ghost (novice BaFi)
 10874 | D:8      | Noticed Gastronok
 10907 | D:8      | Killed Gastronok
 10907 | D:8      | Reached skill level 7 in Fighting
 10907 | D:8      | Reached skill level 4 in Axes
 10907 | D:8      | Reached skill level 8 in Ice Magic
 11183 | D:8      | Killed a two-headed ogre
 11183 | D:8      | Reached skill level 5 in Conjurations
 11614 | D:8      | Noticed a gargoyle
 11615 | D:8      | Noticed a gargoyle
 11890 | D:8      | Noticed a gargoyle
 11920 | D:8      | Killed a gargoyle
 11920 | D:8      | Reached skill level 5 in Summonings
 11920 | D:8      | Reached XP level 11. HP: 69/110 MP: 9/21
 12083 | D:8      | Reached skill level 7 in Spellcasting
 12134 | D:8      | Offered knowledge of Ignite Poison by Vehumet.
 12300 | D:8      | Reached skill level 8 in Fighting
 12576 | D:9      | Reached skill level 5 in Axes
 12648 | D:9      | Reached *** piety under Vehumet
 12841 | D:9      | Reached skill level 6 in Dodging
 12868 | D:9      | Identified the +12 war axe "Baemnumu" {drain, rC+ SInv}
 13457 | D:9      | Offered knowledge of Stone Arrow by Vehumet.
 13559 | D:9      | HP: 8/111 [troll (11)]
 13559 | D:9      | HP: 1/111 [troll (7)]
 13559 | D:9      | Mangled by a troll

Vanquished Creatures
  A two-headed ogre (D:8)
  Joseph (D:7)
  3 gargoyles (D:8)
  A hippogriff (D:9)
  A hog (D:7)
  A human (D:7)
  A hungry ghost (D:9)
  Menkaure (D:7)
  3 orc warriors
  An ice beast (D:7)
  3 sky beasts
  A necrophage (D:5)
  A phantom (D:7)
  An eye of draining (D:9)
  2 black bears
  7 ogres
  3 centaurs
  A big kobold (D:9)
  5 bullfrogs
  A gnoll sergeant (D:4)
  A wyvern zombie (D:7)
  A wyvern skeleton (D:7)
  4 scorpions
  10 killer bees
  An electric eel (D:9)
  2 howler monkeys
  3 crimson imps
  3 jellies
  4 orc priests
  2 hounds
  8 orc wizards
  2 centaur skeletons
  3 bullfrog skeletons
  An iguana (D:4)
  Natasha (thrice) (D:2)
  4 worker ants
  A killer bee zombie (D:8)
  2 hound zombies
  6 gnolls
  8 adders
  A shadow imp (D:7)
  An adder zombie (D:5)
  An ooze (D:3)
  An adder skeleton (D:6)
  3 worms (D:2)
  6 leopard geckos
  36 orcs
  5 giant cockroaches
  7 goblins
  3 hobgoblins
  13 jackals
  2 quokkas
  2 ball pythons
  6 bats
  3 frilled lizards
  8 kobolds
  5 rats
211 creatures vanquished.

Vanquished Creatures (collateral kills)
  Gastronok (D:8)
  Harold (D:7)
  2 gargoyles (D:8)
  3 hogs (D:7)
  A water moccasin (D:8)
  An ice beast (D:6)
  An orc warrior (D:8)
  A sky beast (D:6)
  An ogre (D:6)
  A bullfrog skeleton (D:5)
  2 iguanas
  2 worker ants
  An adder (D:8)
  3 gnolls (D:7)
  An adder zombie (D:8)
  5 orcs
27 creatures vanquished.

Grand Total: 238 creatures vanquished

Table legend:
 A = Turns spent in this place as a percentage of turns spent in the entire game.
 B = Non-inter-level travel turns spent in this place as a percentage of non-inter-level travel turns spent in the entire game.
 C = Inter-level travel turns spent in this place as a percentage of turns spent in this place.
 D = Turns resting spent in this place as a percentage of non-inter-level travel turns spent in this place.
 E = Turns spent auto-exploring this place as a percentage of non-inter-level travel turns spent in this place.
 F = Non-inter-level travel turns spent in this place divided by the number of levels of this place that you've seen.
                   A       B       C       D       E      F
               +-------+-------+-------+-------+-------+----------------------
         Total | 100.0 | 100.0 |   2.4 |  48.8 |  33.8 | 1322.9
       Dungeon |  98.1 |  98.3 |   2.3 |  49.6 |  32.7 | 1444.3
        Temple |   1.9 |   1.7 |  10.5 |   0.0 |  97.8 | 230.0
               +-------+-------+-------+-------+-------+----------------------

Table legend:
 A = Non-vault XP
 B = Vault XP
 C = Vault XP percentage of total XP
 D = Non-vault monster count
 E = Vault monster count
 F = Vault count percentage of total count
                 A         B        C        D         E       F
            +---------+---------+-------+---------+---------+-------
      Total |    7057 |    5783 |  45.0 |     208 |      30 |  12.6
            +---------+---------+-------+---------+---------+-------
        D:1 |      58 |       0 |   0.0 |      20 |       0 |   0.0
        D:2 |     161 |      35 |  17.9 |      28 |       1 |   3.4
        D:3 |      87 |       0 |   0.0 |      20 |       0 |   0.0
        D:4 |     428 |       0 |   0.0 |      25 |       0 |   0.0
        D:5 |     564 |       0 |   0.0 |      19 |       0 |   0.0
        D:6 |    1239 |       0 |   0.0 |      25 |       0 |   0.0
        D:7 |     775 |    1907 |  71.1 |      20 |       9 |  31.0
        D:8 |    2779 |    2802 |  50.2 |      32 |       6 |  15.8
        D:9 |     966 |    1039 |  51.8 |      19 |      14 |  42.4
            +---------+---------+-------+---------+---------+-------
